 Dungeon Crawl Stone Soup version 0.23-a0-171-g5ae17c6 (webtiles) character file.

53 HAL9000 the Vexing (level 3, -5/24 HPs)
             Began as a Vine Stalker Enchanter on Sept 12, 2018.
             Slain by an iguana (7 damage)
             ... on level 1 of the Dungeon.
             The game lasted 00:03:57 (1364 turns).

HAL9000 the Vexing (Vine Stalker Enchanter)         Turns: 1364, Time: 00:03:58

Health: -5/24      AC:  2    Str: 15    XL:     3   Next: 89%
Magic:  0/7        EV: 12    Int: 16    God:
Gold:   52         SH:  0    Dex: 14    Spells: 0/6 levels left

rFire    . . .     SeeInvis .   a - +1 dagger
rCold    . . .     Gourm    .   (no shield)
rNeg     . . .     Faith    .   b - +0 robe
rPois    .         Spirit   +   (no helmet)
rElec    .         Reflect  .   (no cloak)
rCorr    .         Harm     .   (no gloves)
MR       .....                  (no boots)
Stlth    ..........             (no amulet)
HPRegen  0.08/turn              (no ring)
MPRegen  0.10/turn              (no ring)

@: berserking, lethally poisoned (-5 -> -10), very quick
A: fangs 2, magic shield, antimagic bite, no potion heal 3, rot immunity
a: no special abilities


You were on level 1 of the Dungeon.
You were very hungry.

You visited 1 branch of the dungeon, and saw 2 of its levels.

You collected 52 gold pieces.

Inventory:

Hand Weapons
 a - a +1 dagger (weapon)
Armour
 b - a +0 robe (worn)
Scrolls
 e - a scroll of identify {unknown}
 f - a scroll of random uselessness {unknown}
 i - a scroll of teleportation {unknown}
 l - a scroll of enchant weapon {unknown}
Comestibles
 d - a ration


   Skills:
 + Level 1.8 Short Blades
 - Level 1.5 Dodging
 - Level 3.6 Stealth
 - Level 2.1 Spellcasting
 + Level 4.2 Hexes


You couldn't memorise any spells.
You knew the following spells:

 Your Spells              Type           Power        Failure   Level  Hunger
a - Corona                Hex            ###....      3%          1    #......
x - Confuse               Hex            ###.....     11%         3    ###....
z - Ensorcelled Hibernat  Hex/Ice        #.....       13%         2    ###....

Your spell library contained the following spells:

 Spells                   Type           Power        Failure   Level  Hunger
 Tukima's Dance           Hex            ###.....     11%         3    ###....
 Dazzling Spray           Conj/Hex       #.....       26%         3    ###....


Dungeon Overview and Level Annotations

Branches:
Dungeon (2/15)

Altars:


Innate Abilities, Weirdness & Mutations

You have extremely sharp teeth.
When hurt, damage is shared between your health and your magic reserves.
Your bite disrupts and absorbs the magic of your enemies.
Potions cannot restore your health.
You are immune to rotting.


Message History

You miss the adder. Your bite misses the adder. The adder barely misses you.
You hit the adder. You bite the adder. You drain its power.
You feel invigorated.
The adder is severely wounded.
You puncture the adder!
You kill the adder!
* * * LOW HITPOINT WARNING * * *
You feel sick.
Unknown command.
You closely miss the goblin. The goblin barely misses you.
You completely miss the goblin. Your bite misses the goblin.
You closely miss the goblin.
* * * LOW HITPOINT WARNING * * *
You feel sick. The goblin misses you.
You puncture the goblin!
You kill the goblin!
You hit the iguana. Your bite misses the iguana.
The iguana is lightly wounded.
The iguana bites you!
You die...

#...<......................#
...........................#
#.P..(P....................#
##.....##.......>..........#
......####.....g...........#
.###...# ###.##.##........##
.....#.# #.#..##........#
....##.#####...###........#
..#.#..........l@>.######.#
.......###########..# #.##
.)..#### ##.## #..# .####
#..####..# ## ##.##...##
####.##.### #####.......#
#####.....##.####
#..[..######..##


You could see an iguana.

Vanquished Creatures
  2 adders (D:1)
  An ooze (D:1)
  A worm (D:2)
  2 dart slugs (D:1)
  A leopard gecko (D:1)
  4 bats (D:1)
  4 goblins (D:1)
  3 hobgoblins (D:1)
  A frilled lizard (D:1)
  3 kobolds (D:1)
  4 rats (D:1)
26 creatures vanquished.

Notes
Turn   | Place    | Note
-------+----------+-------------------------------------------
     0 | D:1      | HAL9000 the Vine Stalker Enchanter began the quest for the
                  | Orb.
     0 | D:1      | Reached XP level 1. HP: 9/9 MP: 4/4
    47 | D:1      | Reached XP level 2. HP: 7/13 MP: 4/6
    64 | D:1      | Learned a level 2 spell: Ensorcelled Hibernation
   479 | D:1      | Reached skill level 1 in Short Blades
   620 | D:1      | Reached skill level 4 in Hexes
   620 | D:1      | Reached XP level 3. HP: 6/16 MP: 1/7
   743 | D:1      | Learned a level 3 spell: Confuse
  1364 | D:1      | Slain by an iguana

Vault maps used:
D:1:      dpeg_arrival_orchard
D:2:      kennysheep_ying_yang, uniq_robin, uniq_jessica

Skill      XL: |  1  2 |
---------------+-------+-----
Short Blades   | 1 |  1.8
Hexes          | 4 |  4.2
Dodging        | |  1.5
Stealth        | |  3.6
Spellcasting   | |  2.1

Action                   || total
-------------------------++-------
Melee: Dagger            ||    92
       Bite              ||    21
 Cast: Ensorcelled Hiber ||    12
  Use: Potion            ||     2
 Stab: Sleeping          ||     5
  Eat: Chunk             ||     1
Armor: Robe              ||    19
Dodge: Dodged            ||    70

Table legend:
 A = Non-vault XP
 B = Vault XP
 C = Vault XP percentage of total XP
 D = Non-vault monster count
 E = Vault monster count
 F = Vault count percentage of total count
                 A         B        C        D         E       F
            +---------+---------+-------+---------+---------+-------
      Total |      77 |       0 |   0.0 |      26 |       0 |   0.0
            +---------+---------+-------+---------+---------+-------
        D:1 |      72 |       0 |   0.0 |      25 |       0 |   0.0
        D:2 |       5 |       0 |   0.0 |       1 |       0 |   0.0
            +---------+---------+-------+---------+---------+-------
